 Dungeon Sprint DCSS version 0.28.0-43-g3370ac3207 (webtiles) character file.

Game seed: 13916998992592071682

2520 boopmooplesden the Fencer (level 9, -8/135 HPs)
             Began as a Minotaur Berserker on Mar 31, 2022.
             Was a High Priest of Trog.
             Mangled by a tentacle (19 damage)
             ... attached to a kraken
             ... in the Dungeon (Sprint II: "The Violet Keep of Menkaure").
             The game lasted 00:03:21 (1733 turns).

boopmooplesden the Fencer (Minotaur Berserker)      Turns: 1733, Time: 00:03:22

Health: -8/135     AC: 17    Str: 23    XL:     9   Next: 29%
Magic:  8/8        EV: 11    Int:  2    God:    Trog [*****.]
Gold:   753        SH:  0    Dex: 21    Spells: 8/8 levels left

rFire   . . .      SeeInvis .   l - +3 triple sword (flame)
rCold   . . .      Faith    .   (shield currently unavailable)
rNeg    . . .      Spirit   .   s - +1 plate armour of the Blind Marksman {rCorr Dex+8}
rPois   .          Reflect  .   i - +1 hat {Stlth+}
rElec   .          Harm     .   (no cloak)
rCorr   +          Rampage  +   (no gloves)
Will    .....      NoTele   +   j - +1 pair of boots {rampage}
Stlth   ..........              (no amulet)
HPRegen 0.32/turn               (no ring)
MPRegen 0.11/turn               (no ring)

@: berserking (expiring), very quick
A: horns 2, retaliatory headbutt, dopey 1, frail 1, wild magic 1
a: Renounce Religion, Berserk, Trog's Hand, Brothers in Arms


You were in the Dungeon.
You worshipped Trog.
Trog was extremely pleased with you.
You visited 1 branch You collected 1226 gold pieces.
You spent 473 gold pieces at shops.

Inventory:

Hand Weapons
 a - a +0 falchion
 k - the +7 morningstar of Severance {freeze, Str+7 Int+4 Dex-3}
   (You bought it in a shop in the Dungeon)

   It freezes those it strikes, dealing additional cold damage.
   It can also slow down cold-blooded creatures.
   Str:       It affects your strength (+7).
   Int:       It affects your intelligence (+4).
   Dex:       It affects your dexterity (-3).
 l - a +3 triple sword of flaming (weapon)
Armour
 b - a +0 animal skin
 i - a +1 hat of stealth (worn)
 j - a +1 pair of boots of rampaging (worn)
 s - the +1 plate armour of the Blind Marksman (worn) {rCorr Dex+8}
   (You acquired it in the Dungeon)

   Dex:       It affects your dexterity (+8).
   rCorr:     It protects you from acid and corrosion.
 v - a +0 pair of boots
 y - a +0 plate armour
Jewellery
 t - an amulet of the acrobat
Scrolls
 c - a scroll of amnesia {unknown}
 h - a scroll of blinking
 m - 3 scrolls of vulnerability {unknown}
 o - a scroll of enchant armour {unknown}
 q - a scroll of magic mapping {unknown}
 r - 2 scrolls of enchant weapon {unknown}
Potions
 d - 3 potions of heal wounds
 e - a potion of haste
 f - 5 potions of magic
 g - a potion of berserk rage
 n - 3 potions of resistance {unknown}
 p - a potion of curing
 w - 4 potions of flight {unknown}
 x - a potion of mutation {unknown}


   Skills:
 + Level 15.8 Fighting
 + Level 16.3 Long Blades
 + Level 4.2 Maces & Flails
 + Level 7.1 Armour
 + Level 7.7 Dodging
 + Level 3.0 Stealth


You had 8 spell levels left.
You didn't know any spells.
Your spell library was empty.

Dungeon Overview and Level Annotations

Branches:
Dungeon (1/1)

Altars:
Dithmenos
Elyvilon
Fedhas
Gozag
Kikubaaqudgha
Makhleb
Nemelex Xobeh
Okawaru
Qazlal
Ru
Sif Muna
Trog
Uskayaw
Vehumet
Wu Jian
Xom
Yredelemnul
Zin
The Shining One
Jiyva
Lugonu

Shops:
D :=:[:!!([=:?(([

Annotations:
D exclusion: oklob plant


Innate Abilities, Weirdness & Mutations

You have a pair of horns on your head.
You reflexively headbutt those who attack you in melee.
You are dopey. (Int -2)
You are frail. (-10% HP)
Your spells are a little harder to cast, but a little more powerful.


Message History

You see here 14 stones.
You see here 4 poisoned darts.
There is an open door, spattered with blood here.
You rampage towards the kraken!
The kraken bites you.
A red film seems to cover your vision as you go berserk!
You feel yourself moving faster!
You feel mighty!
Tentacles burst out of the water!
The kraken closely misses you. 4 tentacles come into view.
You hit the kraken but do no damage. The tentacle slaps you!
The tentacle slaps you. The kraken bites you!!
You hit the kraken. You burn the kraken.
You headbutt the kraken, but do no damage.
The kraken is lightly wounded.
The tentacle slaps you but does no damage.
The tentacle slaps you!!
The kraken bites you but does no damage.
You hit the kraken but do no damage.
The kraken is lightly wounded.
The tentacle misses you. You furiously retaliate!
You headbutt the tentacle. The tentacle slaps you!
The kraken closely misses you. You furiously retaliate!
You headbutt the kraken, but do no damage.
You slice the kraken!! You burn the kraken. You headbutt the kraken.
The kraken is lightly wounded.
The tentacle closely misses you. The tentacle slaps you.
You slash the kraken! You burn the kraken.
The kraken is moderately wounded.
The kraken bites you but does no damage.
The tentacle barely misses you. The tentacle slaps you!
* * * LOW HITPOINT WARNING * * *
You slice the kraken!! You burn the kraken.
The kraken is moderately wounded.
The tentacle slaps you!
* * * LOW HITPOINT WARNING * * *
The kraken bites you!
* * * LOW HITPOINT WARNING * * *
The tentacle closely misses you.
You slice the kraken!! You burn the kraken.
The kraken is heavily wounded.
The tentacle completely misses you. The tentacle slaps you!!
You die...

^ #)=▓...([)..▓▓
.##.#[)▓[[[[..((▓▓
...####▓.)..(...▓▓
#..##.#▓..).....▓▓
+..#.)#▓(...[(.)▓▓
#..#..#▓.[.[.(.)▓▓
#..##÷#▓..((...[▓▓
##...##▓▓▓▓▓▓▓'▓▓▓▓+▓
.≈≈≈≈≈≈≈≈≈≈§≈≈..@Xw≈▓
.≈#+########§###www≈▓
.≈#_._._...#≈§≈##≈≈≈▓
.≈#._._._._#§≈≈≈####▓
≈≈#_._._._.#§§≈§≈#
≈≈#._._._._#≈§≈≈≈§
≈≈#.._._._.#≈≈§§≈≈+
≈≈#..._._._#§§≈§≈§#


You could see a kraken and 4 tentacles.

Vanquished Creatures
  A yaktaur (D)
  3 polar bears (D)
  A hornet (D)
  2 wyverns (D)
  4 neqoxecs (D)
  Menkaure (D)
  3 water moccasins (D)
  4 scorpions (D)
  A hell rat (D)
  3 worms (D)
23 creatures vanquished.

Vanquished Creatures (others)
  A water moccasin (D)
  4 tentacles (D)
5 creatures vanquished.

Grand Total: 28 creatures vanquished

Notes
Turn   | Place    | Note
-------+----------+-------------------------------------------
     0 | D        | boopmooplesden the Minotaur Berserker began the quest for
                  | the Orb.
     0 | D        | Reached XP level 1. HP: 19/19 MP: 0/0
     1 | D        | Noticed a scorpion
     1 | D        | Noticed a scorpion
     5 | D        | Killed a scorpion
     6 | D        | Reached skill level 6 in Long Blades
     6 | D        | Reached XP level 2. HP: 31/31 MP: 1/1
     6 | D        | Reached XP level 3. HP: 38/38 MP: 2/2
    10 | D        | Killed a scorpion
    11 | D        | Reached skill level 8 in Long Blades
    11 | D        | Reached XP level 4. HP: 40/48 MP: 3/3
    11 | D        | Noticed a scorpion
    11 | D        | Noticed a scorpion
    13 | D        | Killed a scorpion
    13 | D        | Reached ** piety under Trog
    14 | D        | Reached skill level 9 in Long Blades
    14 | D        | Reached XP level 5. HP: 36/56 MP: 4/4
   105 | D        | Killed a water moccasin
   281 | D        | Noticed a wyvern
   281 | D        | Noticed a wyvern
   286 | D        | Killed a wyvern
   287 | D        | Reached skill level 10 in Fighting
   287 | D        | Reached skill level 11 in Long Blades
   287 | D        | Reached skill level 5 in Armour
   287 | D        | Reached skill level 5 in Dodging
   287 | D        | Reached XP level 6. HP: 67/67 MP: 5/5
   289 | D        | Killed a wyvern
   290 | D        | Reached skill level 12 in Long Blades
   428 | D        | Noticed a neqoxec
   428 | D        | Noticed a neqoxec
   428 | D        | Noticed a neqoxec
   428 | D        | Noticed a neqoxec
   431 | D        | Killed a neqoxec
   431 | D        | Reached *** piety under Trog
   432 | D        | Reached skill level 1 in Stealth
   432 | D        | Reached XP level 7. HP: 77/77 MP: 6/6
   435 | D        | Killed a neqoxec
   435 | D        | Gained mutation: You are frail. (-10% HP) [a neqoxec]
   436 | D        | Reached skill level 13 in Long Blades
   438 | D        | Lost intelligence.
   439 | D        | Gained mutation: You are dopey. (Int -2) [a neqoxec]
   440 | D        | Gained mutation: Your spells are a little harder to cast,
                  | but a little more powerful. [a neqoxec]
   443 | D        | Killed a neqoxec
   448 | D        | Killed a neqoxec
   449 | D        | Reached XP level 8. HP: 41/77 MP: 7/7
   577 | D        | Reached **** piety under Trog
   590 | D        | Found Gurel's Weapon Emporium.
   590 | D        | Found Duniopur's Antique Armour Emporium.
   590 | D        | Found Perukk's Magic Scroll Shoppe.
   590 | D        | Found Jorhyzi's Antique Weapon Shoppe.
   590 | D        | Found Giokkegusu's Book Emporium.
   591 | D        | Found Achalauh's Antique Armour Shoppe.
   591 | D        | Found Plog's Antique Weapon Emporium.
   591 | D        | Found Umocs's Distillery.
   592 | D        | Found Oxtez's Book Shoppe.
   592 | D        | Found Tenweoch's Jewellery Emporium.
   592 | D        | Found Romnoucumi's Distillery.
   592 | D        | Found Werach's Armour Shoppe.
   592 | D        | Noticed Menkaure
   606 | D        | Killed Menkaure
   607 | D        | Reached skill level 14 in Long Blades
   609 | D        | Found Isojiuvoe's Book Shoppe.
   609 | D        | Found Lahups's Jewellery Emporium.
   609 | D        | Noticed an oklob plant
   610 | D        | Found Odwoijoh's Book Shoppe.
   611 | D        | Noticed a hell hog
   612 | D        | Noticed a hell hog
   614 | D        | Noticed a cane toad
   615 | D        | Noticed a cane toad
   615 | D        | Noticed a flying skull
   615 | D        | Noticed a flying skull
   615 | D        | Noticed a flying skull
   619 | D        | Bought a glowing hat for 112 gold pieces
   626 | D        | Bought a pair of glowing boots for 172 gold pieces
   633 | D        | Bought a scorched morningstar for 189 gold pieces
   633 | D        | Identified the +7 morningstar of Severance {freeze, Str+7
                  | Int+4 Dex-3} (You bought it in a shop in the Dungeon)
   655 | D        | Reached ***** piety under Trog
   677 | D        | Found an iron altar of Okawaru.
   677 | D        | Found an opulent altar of Gozag.
   679 | D        | Found a sparkling altar of Nemelex Xobeh.
   679 | D        | Found a blossoming altar of Fedhas.
   680 | D        | Found a radiant altar of Vehumet.
   680 | D        | Found a burning altar of Makhleb.
   680 | D        | Found a white marble altar of Elyvilon.
   681 | D        | Found a hide-covered altar of Uskayaw.
   681 | D        | Found a corrupted altar of Lugonu.
   681 | D        | Found a shadowy altar of Dithmenos.
   682 | D        | Found a glowing silver altar of Zin.
   682 | D        | Found a bloodstained altar of Trog.
   682 | D        | Found an ancient bone altar of Kikubaaqudgha.
   683 | D        | Found a basalt altar of Yredelemnul.
   683 | D        | Found a shimmering blue altar of Sif Muna.
   683 | D        | Found a viscous altar of Jiyva.
   904 | D        | Found a shimmering altar of Xom.
   904 | D        | Found a sacrificial altar of Ru.
   905 | D        | Found a glowing golden altar of the Shining One.
   905 | D        | Found an ornate altar of the Wu Jian Council.
   906 | D        | Noticed a yaktaur
   906 | D        | Noticed a hornet
   906 | D        | Noticed a polar bear
   907 | D        | Noticed a polar bear
   909 | D        | Killed a polar bear
   909 | D        | Noticed a polar bear
   911 | D        | Killed a polar bear
   912 | D        | Reached skill level 15 in Long Blades
   912 | D        | Reached skill level 1 in Maces & Flails
   914 | D        | Killed a hornet
   914 | D        | Received a gift from Trog
   918 | D        | Killed a polar bear
   919 | D        | Reached skill level 15 in Fighting
   919 | D        | Reached XP level 9. HP: 66/87 MP: 8/8
   922 | D        | Killed a yaktaur
  1166 | D        | Found a stormy altar of Qazlal.
  1174 | D        | Noticed a kraken
  1188 | D        | Reached skill level 16 in Long Blades
  1707 | D        | Identified a scroll of acquirement
  1707 | D        | Acquired the +1 plate armour of the Blind Marksman {rCorr
                  | Dex+8}
  1733 | D        | Mangled by a tentacle

Illustrated notes

Levels and vault maps discovered:
D:        the_violet_keep_of_menkaure [sprint2_stairs_cluster_1,
          sprint2_shoproom, sprint2_temple, sprint2_basic_supplies,
          sprint2_obstacle_7, sprint2_obstacle_2, sprint2_obstacle_6,
          sprint2_obstacle_1, sprint2_obstacle_3, sprint2_timed_cluster_1,
          sprint2_smallroom_cluster_1, sprint2_smallroom_final_cluster_1,
          sprint2_transparent_cluster_1, sprint2_second_timed_cluster_1,
          sprint2_sniper_area_1, sprint2_heavy_combat_area_1,
          sprint2_mutation_trap_area_1, sprint2_forest_area_1,
          sprint2_light_combat_area_1, sprint2_behind_water_1,
          sprint2_near_end_vault_1]

Skill      XL: |  1  2  3  4  5  6  7  8  9 |
---------------+----------------------------+-----
Fighting       | 6 7 8 10 12 13 15 | 15.8
Long Blades    | 6 8 9 11 12 13 15 16 | 16.3
Armour         | 3 4 5 6 7 |  7.1
Dodging        | 3 4 5 6 7 |  7.7
Stealth        | 1 2 3 |  3.0
Maces & Flails | 2 4 |  4.2

Action                   |  1- 3 |  4- 6 |  7- 9 || total
-------------------------+-------+-------+-------++-------
Melee: Falchion          |     7 |    17 |    21 ||    45
       Headbutt          |     1 |     3 |    14 ||    18
       Punch             |       |     1 |     2 ||     3
       Morningstar       |       |       |    17 ||    17
       Triple sword      |       |       |    26 ||    26
Invok: Berserk           |     1 |     2 |     2 ||     5
  Use: Scroll            |       |       |     3 ||     3
       Potion            |       |       |     1 ||     1
 Stab: Sleeping          |       |       |     1 ||     1
Armor: Animal skin       |       |       |    12 ||    12
       Plate armour      |       |       |     3 ||     3
Dodge: Dodged            |     2 |     6 |    43 ||    51
